 Dungeon Crawl Stone Soup version 0.24-a0-462-ge24419a6ad (webtiles) character file.

Game seed: 1846379945791338337

52 Peloso the Covered (level 3, -1/33 HPs)
             Began as a Minotaur Fighter on July 2, 2019.
             Slain by an orc
             ... wielding a +0 morningstar
              (3 damage)
             ... on level 2 of the Dungeon.
             The game lasted 00:03:28 (1425 turns).

Peloso the Covered (Minotaur Fighter)               Turns: 1425, Time: 00:03:28

Health: -1/33      AC:  7    Str: 20    XL:     3   Next: 60%
Magic:  2/2        EV:  7    Int:  5    God:
Gold:   111        SH:  9    Dex: 10    Spells: 2/2 levels left

rFire    . . .     SeeInvis .   a - +0 long sword
rCold    . . .     Gourm    .   c - +0 shield
rNeg     . . .     Faith    .   b - +0 scale mail
rPois    .         Spirit   .   (helmet restricted)
rElec    .         Reflect  .   (no cloak)
rCorr    .         Harm     .   (no gloves)
MR       .....                  (no boots)
Stlth    ..........             n - amulet of rage
HPRegen  0.11/turn              (no ring)
MPRegen  0.08/turn              (no ring)

@: no status effects
A: retaliatory headbutt, horns 2
a: Evoke Berserk Rage


You were on level 2 of the Dungeon.
You were hungry.

You visited 1 branch of the dungeon, and saw 3 of its levels.

You collected 111 gold pieces.

Inventory:

Hand Weapons
 a - a +0 long sword (weapon)
Missiles
 s - 23 bolts
Armour
 b - a +0 scale mail (worn)
 c - a +0 shield (worn)
Jewellery
 n - an amulet of rage (around neck)
 t - an uncursed amulet of regeneration {unknown}
Scrolls
 g - 2 scrolls of identify {unknown}
 h - 2 scrolls of remove curse {unknown}
 i - a scroll of enchant armour {unknown}
 m - a scroll of enchant weapon {unknown}
 o - 2 scrolls of teleportation {unknown}
 r - a scroll of magic mapping {unknown}
Potions
 d - a potion of might
 e - 2 potions of curing {unknown}
 j - a potion of degeneration {unknown}
 k - a potion of haste {unknown}
 l - a potion of flight {unknown}
 p - a potion of lignification {unknown}
 q - a potion of heal wounds {unknown}
Comestibles
 f - 7 rations


   Skills:
 + Level 4.0 Fighting
 + Level 3.2 Long Blades
 + Level 4.2 Armour
 + Level 0.3 Dodging
 + Level 0.1 Stealth
 + Level 4.1 Shields


You had 2 spell levels left.
You didn't know any spells.
Your spell library was empty.

Dungeon Overview and Level Annotations

Branches:
Dungeon (3/15)

Altars:
Makhleb


Innate Abilities, Weirdness & Mutations

You reflexively headbutt those who attack you in melee.
You have a pair of horns on your head.


Message History

The gnoll hits you but does no damage.
You hit the gnoll.
The gnoll is lightly wounded.
You slash the gnoll!
You kill the gnoll!
You block the gnoll's attack.
You slash the gnoll!
The gnoll is heavily wounded.
You block the gnoll's attack.
You barely miss the gnoll. Your headbutt misses the gnoll.
The gnoll is heavily wounded.
The gnoll hits you with a +0 flail!
You barely miss the gnoll.
The gnoll is heavily wounded.
The gnoll hits you with a +0 flail!
* * * LOW HITPOINT WARNING * * *
You hit the gnoll. You headbutt the gnoll.
You kill the gnoll!
The orc hits you with a +0 morningstar.
You die...

#....#.# #.#......#.# #..#
#.##.#.# #)#.###..#.########..#
####.#.# #.#..................#
.....#.# #.##.....#.#######.###
.......#####.##.###.#.##### #.#.#
.######.......#...#.......# #.#.#
.#....#.####..###...#.....###.#..
.##.#.#.#..#..###...#.........#.#
.##.#.#.#..#.[go@...........#.#.#
.##.#.#....#>..###.##.#####.#.#.#
###.#.#<..##...# #.##.# #.#....
..#.#.....##...###.##.# ###..####
#.#.#.###.##..........###........
......#...##.................###.
#.#.#.#.####...##............# #.
#.#.#.#.............≈....≈...# #.
#.#.#.#..#####.###...........# #.


You could see a gnoll and an orc.

Vanquished Creatures
  2 gnolls (D:2)
  An adder (D:2)
  An orc (D:2)
  A giant cockroach (D:1)
  3 goblins
  4 hobgoblins (D:1)
  A ball python (D:1)
  2 bats
  5 frilled lizards
  2 kobolds (D:1)
  4 rats
26 creatures vanquished.

Notes
Turn   | Place    | Note
-------+----------+-------------------------------------------
     0 | D:1      | Peloso the Minotaur Fighter began the quest for the Orb.
     0 | D:1      | Reached XP level 1. HP: 19/19 MP: 0/0
   315 | D:1      | Reached XP level 2. HP: 27/27 MP: 1/1
  1340 | D:2      | Found a burning altar of Makhleb.
  1389 | D:3      | Reached XP level 3. HP: 33/33 MP: 2/2
  1425 | D:2      | Slain by an orc

Levels and vault maps discovered:
D:1:      dpeg_arrival_connections, layout_basic
D:2:      layout_basic, lemuel_crystal_altar, skrybe_limestone_x
D:3:      layout_loops_ring, lemuel_blue_sif_altar, lemuel_crystal_altar,
          first_ration

Skill      XL: |  1  2  3 |
---------------+----------+-----
Armour         | 4 |  4.2
Fighting       | 4 |  4.0
Shields        | 4 |  4.1
Long Blades    | 3 |  3.2
Dodging        | |  0.3
Stealth        | |  0.1

Action                   || total
-------------------------++-------
Melee: Long sword        ||    76
       Headbutt          ||    14
  Eat: Chunk             ||     1
Armor: Scale mail        ||    28
Dodge: Dodged            ||    17
Block: Shield            ||    41
       Rpst.: Long sword ||     5

Table legend:
 A = Non-vault XP
 B = Vault XP
 C = Vault XP percentage of total XP
 D = Non-vault monster count
 E = Vault monster count
 F = Vault count percentage of total count
                 A         B        C        D         E       F
            +---------+---------+-------+---------+---------+-------
      Total |      75 |       0 |   0.0 |      26 |       0 |   0.0
            +---------+---------+-------+---------+---------+-------
        D:1 |      23 |       0 |   0.0 |      16 |       0 |   0.0
        D:2 |      48 |       0 |   0.0 |       8 |       0 |   0.0
        D:3 |       4 |       0 |   0.0 |       2 |       0 |   0.0
            +---------+---------+-------+---------+---------+-------
